 Dungeon Crawl Stone Soup version 0.24-a0-284-g9fb9971df1 (webtiles) character file.

Game seed: 10278503803747374540

223767 Redear the Warrior (level 18, -3/163 HPs)
             Began as a Demonspawn Chaos Knight on May 6, 2019.
             Was a Plaything of Xom.
             Drowned by a water elemental (8 damage)
             ... on level 4 of the Shoals.
             The game lasted 02:10:19 (30126 turns).

Redear the Warrior (Demonspawn Chaos Knight)       Turns: 30126, Time: 02:10:20

Health: -3/163     AC: 31    Str: 26    XL:     18   Next: 94%
Magic:  18/18      EV: 19    Int: 15    God:    Xom [......]
Gold:   1590       SH: 21    Dex: 17    Spells: 17/17 levels left

rFire    + + +     SeeInvis +   W - +4 broad axe (drain)
rCold    + + +     Gourm    .   a - +1 shield of Lugonu's Castigation {rC+ Regen+ rCorr SInv}
rNeg     . . .     Faith    .   x - +9 scales of the Dragon King {rPois rF+ rC+ MR+}
rPois    +         Spirit   .   P - +1 hat of Grace {rF+ Str+3}
rElec    +         Reflect  +   E - scarf {repulsion}
rCorr    +         Harm     .   (gloves unavailable)
MR       +....     Rnd*Tele +   b - +2 pair of boots {Fly}
Stlth    ..........             V - amulet of Leef {Reflect rF++ SH+6}
HPRegen  1.17/turn              A - ring of Jeing {Slay+3 SInv}
MPRegen  0.16/turn              X - ring "Ecaocot" {*Tele rElec rPois MR- Slay+3}

@: mighty, agile, engulfed (cannot breathe), flying, mesmerised, hasted,
glowing, repel missiles, very quick
A: claws 3, hooves 1, rugged brown scales 3, blurry vision 1, cold resistance 1,
deformed body, fire resistance 1, nightstalker 1, powered by pain 2,
regeneration 1, weak 1
a: Renounce Religion, Evoke Flight


You were on level 4 of the Shoals.
You worshipped Xom.
You were a very special plaything of Xom.
You were hungry.

You visited 5 branches of the dungeon, and saw 27 of its levels.
You also visited: Sewer and Bailey.

You collected 3872 gold pieces.
You spent 2282 gold pieces at shops.

Inventory:

Hand Weapons
 y - the +11 flail "Rerausaj" {crush, +Rage rC+ Str+4 Dex+4}
   (You bought it in a shop on level 4 of the Dungeon)

   It inflicts extra damage upon your enemies.
   It affects your strength (+4).
   It affects your dexterity (+4).
   It protects you from cold.
   It lets you go berserk.
 W - a +4 broad axe of draining (weapon)
Missiles
 Z - 5 throwing nets (quivered) {+f}
Armour
 a - the +1 shield of Lugonu's Castigation (worn) {rC+ Regen+ rCorr SInv}
   (You took it off a deep elf mage on level 3 of the Elven Halls)

   It protects you from cold.
   It lets you see invisible.
   It increases your rate of regeneration.
   It provides partial protection from all sources of acid and corrosion.
 b - a +2 pair of boots of flying (worn)
 w - the +2 pair of boots of the Assassin {Detection Stab+ Stlth++}
   (You found it on level 3 of the Shoals)

   It makes you much more stealthy.
 x - the +9 scales of the Dragon King (worn) {rPois rF+ rC+ MR+}
   (You found it on level 7 of the Dungeon)

   It protects you from fire.
   It protects you from cold.
   It protects you from poison.
   It affects your resistance to hostile enchantments.
 E - a scarf of repulsion (worn)
 P - the +1 hat of Grace (worn) {rF+ Str+3}
   (You acquired it on level 15 of the Dungeon)

   It affects your strength (+3).
   It protects you from fire.
Jewellery
 c - an uncursed ring of protection from cold {rC+}
 g - an uncursed ring of resist corrosion
 i - the ring of Raeloib {rElec rF+ Str-3 SInv Stlth-}
   (You bought it in a shop on level 1 of the Elven Halls)

   [ring of attention]

   It affects your strength (-3).
   It protects you from fire.
   It insulates you from electricity.
   It lets you see invisible.
   It makes you less stealthy.
 m - an uncursed ring of wizardry {Wiz+}
 n - a cursed ring of teleportation {unknown}
 r - an uncursed amulet of regeneration {+Regen}
 A - the ring of Jeing (left claw) {Slay+3 SInv}
   (You found it on level 3 of the Elven Halls)

   [ring of see invisible]

   It affects your accuracy and damage with ranged weapons and melee attacks
   (+3).
   It lets you see invisible.
 F - a +5 ring of protection
 V - the amulet of Leef (around neck) {Reflect rF++ SH+6}
   (You took it off a deep elf death mage on level 3 of the Elven Halls)

   [amulet of reflection]

   It shields you and reflects attacks.
   It greatly protects you from fire.
   It affects your SH (+6).
 X - the ring "Ecaocot" (right claw) {*Tele rElec rPois MR- Slay+3}
   (You found it on level 7 of the Dungeon)

   [ring of teleportation]

   It may teleport you next to monsters.
   It affects your accuracy and damage with ranged weapons and melee attacks
   (+3).
   It insulates you from electricity.
   It protects you from poison.
   It affects your resistance to hostile enchantments.
Wands
 D - a wand of digging (24)
 I - a wand of iceblast (27)
 O - a wand of clouds (4)
 S - a wand of scattershot (9)
Scrolls
 f - 3 scrolls of amnesia
 p - 5 scrolls of fog
 q - 5 scrolls of enchant armour
 s - 3 scrolls of fear
 t - 6 scrolls of immolation
 u - 5 scrolls of enchant weapon
 B - 3 scrolls of blinking
 J - 3 scrolls of silence
 M - 8 scrolls of magic mapping
 N - 9 scrolls of remove curse {@r2}
 R - 6 scrolls of identify {@r1}
 T - 4 scrolls of teleportation {@r3}
Potions
 d - a potion of brilliance {Archmagi Int+5 Wiz++}
 e - 4 potions of agility {Stlth+ Dex+5 EV+5 | @q4}
 h - 2 potions of invisibility
 j - 3 potions of might {Str+5 DMG+1d10 | @q3}
 k - 3 potions of ambrosia
 l - 6 potions of flight
 o - a potion of magic
 v - 6 potions of resistance {rF+ rC+ rPois rElec rCorr}
 C - 5 potions of lignification
 G - 6 potions of mutation {!q}
 H - 2 potions of haste
 L - 2 potions of berserk rage
 Q - a potion of curing {@q2}
Miscellaneous
 U - 3 boxes of beasts
 Y - a lamp of fire
Comestibles
 z - 50 rations


   Skills:
 + Level 16.7 Fighting
 - Level 6.2(7.8) Axes
 - Level 7.2(8.3) Maces & Flails
 + Level 15.4 Armour
 + Level 15.3 Dodging
 + Level 13.6 Shields


You had 17 spell levels left.
You didn't know any spells.
Your spell library contained the following spells:

 Spells                   Type           Power        Failure   Level  Hunger
 Animate Skeleton         Necr           N/A          100%        1    ##.....
 Beastly Appendage        Tmut           #.....       100%        1    ##.....
 Corona                   Hex            #......      100%        1    ##.....
 Flame Tongue             Conj/Fire      #....        100%        1    ##.....
 Magic Dart               Conj           #...         100%        1    ##.....
 Pain                     Necr           #...         100%        1    ##.....
 Blink                    Tloc           N/A          100%        2    ###....
 Call Imp                 Summ           #.......     100%        2    ###....
 Ensorcelled Hibernation  Hex/Ice        #.....       100%        2    ###....
 Passwall                 Tmut/Erth      #.......     100%        2    ###....
 Slow                     Hex            #.......     100%        2    ###....
 Sticks to Snakes         Tmut           #.......     100%        2    ###....
 Swiftness                Chrm/Air       #.......     100%        2    ###....
 Confuse                  Hex            #.......     100%        3    ####...
 Conjure Flame            Conj/Fire      #.......     100%        3    ####...
 Dazzling Spray           Conj/Hex       #.....       100%        3    ####...
 Gell's Gravitas          Tloc           #.........   100%        3    ####...
 Inner Flame              Hex/Fire       #.......     100%        3    ####...
 Mephitic Cloud           Conj/Pois/Air  #.......     100%        3    ####...
 Portal Projectile        Hex/Tloc       #.....       100%        3    ####...
 Regeneration             Chrm/Necr      #.........   100%        3    ####...
 Spider Form              Tmut/Pois      #.........   100%        3    ####...
 Tukima's Dance           Hex            #.......     100%        3    ####...
 Vampiric Draining        Necr           #.........   100%        3    ####...
 Animate Dead             Necr           N/A          100%        4    #####..
 Cause Fear               Hex            #.........   100%        4    #####..
 Force Lance              Conj/Tloc      #.......     100%        4    #####..
 Ice Form                 Ice/Tmut       #.......     100%        4    #####..
 Leda's Liquefaction      Hex/Erth       #.........   100%        4    #####..
 Passage of Golubria      Tloc           N/A          100%        4    #####..
 Blade Hands              Tmut           #.........   100%        5    ######.
 Bolt of Magma            Conj/Fire/Erth #.........   100%        5    ######.
 Iskenderun's Battlesphe  Conj/Chrm      #.......     100%        5    ######.
 Lee's Rapid Deconstruct  Erth           #.........   100%        5    ######.
 Venom Bolt               Conj/Pois      #.........   100%        5    ######.
 Bolt of Fire             Conj/Fire      #.........   100%        6    #######
 Darkness                 Hex            #.........   100%        6    #######
 Dispersal                Tloc           #.........   100%        6    #######
 Invisibility             Hex            #.......     100%        6    #######
 Iron Shot                Conj/Erth      #.........   100%        6    #######
 Dragon Form              Tmut           #.........   100%        7    #######
 Orb of Destruction       Conj           #.........   100%        7    #######
 Spellforged Servitor     Conj/Summ      #.........   100%        7    #######
 Controlled Blink         Tloc           N/A          100%        8    #######
 Disjunction              Tloc           #.........   100%        8    #######
 Dragon's Call            Summ           #.........   100%        9    #######


Dungeon Overview and Level Annotations

Branches:
Dungeon (15/15)            Temple (0/1) D:7            Lair (3/6) D:9
 Shoals (4/4) Lair:3          Orc (2/2) D:10            Elf (3/3) Orc:2
 Vaults (0/5) D:14         Depths (0/5) D:15
  Snake: Lair:2-4    Spider: Lair:2-4

Altars:
Ashenzari
Cheibriados
Elyvilon
Fedhas
Kikubaaqudgha
Makhleb
Okawaru
Ru
Sif Muna
Trog
Xom
Zin
The Shining One
Beogh

Shops:
D:4 (   D:9 *   D:12 (   Orc:2 }[??[!*   Elf:1 ?=}=   Elf:2 :   Elf:3 [
Shoals:1 %

Portals:
Pandemonium: Orc:2

Annotations:
D:9 Maurice


Innate Abilities, Weirdness & Mutations

You have claws for hands.
You are completely covered in rugged brown scales. (AC +3, +7% HP)
Your flesh is cold resistant. (rC+)
You are slightly more attuned to the shadows.
You sometimes gain power by taking damage.
You have large cloven feet.
Scrolls take you a little longer to read.
Armour fits poorly on your strangely shaped body.
Your flesh is heat resistant. (rF+)
Your natural rate of healing is unusually fast.
You are weak. (Str -2)


Message History

* * * LOW HITPOINT WARNING * * *
Your lungs strain for air!
The merfolk avatar chants its luring song.
You block the merfolk's attack.
The faun shoots a sling bullet.
You reflect the sling bullet off an invisible shield around you!
The sling bullet barely misses the water elemental.
The sling bullet hits the faun.
The merfolk siren chants its luring song.
You block the sea snake's attack. The water elemental hits you.
A water nymph comes into view.
Unknown command.
You closely miss the merfolk avatar.
The merfolk avatar is severely wounded.
The water nymph shouts!
You slash the sea snake!
You completely miss the water elemental.
Your scales of the Dragon King prevents you from hitting the water elemental.
You slash the merfolk! You drain the merfolk.
You die...
Xom chortles!

............PP.c.
.............P..c
...............P..
.........<.≈PP.P..#
##. ...(.m≈≈≈≈≈.P.P#
.P..##.....(≈≈≈≈≈.P
........)≈≈≈≈≈≈≈≈#
≈≈.≈≈≈..Smm≈....##
≈≈P≈.≈..≈@E)....#
P≈≈≈≈..≈≈≈E.†((≈#
..≈≈≈....(c.)..†##.
≈.≈≈≈......(c.PP...
≈≈≈≈≈.........P≈..!≈
≈≈≈.....$....mm#..≈≈
≈≈≈.###......≈(##...
≈≈ #........≈###.
#........#≈#


You could see a merfolk avatar, a sea snake, a merfolk, 2 fauns, 2 water
elementals, 2 merfolk sirens and a water nymph.

Vanquished Creatures
  A deep elf master archer (Elf:3)
  3 deep elf blademasters
  2 krakens (Shoals:1)
  Agnes (Elf:1)
  A tengu reaver (D:15)
  Donald (Elf:2)
  2 deep elf sorcerers (Elf:3)
  An orc warlord (D:15)
  Aizul (Elf:2)
  2 deep elf elementalists
  A stone giant (Shoals:3)
  2 war gargoyles (D:15)
  An emperor scorpion (Elf:3)
  6 deep elf demonologists
  5 deep elf annihilators (Elf:3)
  A dire elephant (Elf:2)
  The ghost of Miow the Carver, a journeyman MiFi of Makhleb (Lair:3)
  5 deep elf death magi (Elf:3)
  2 merfolk impalers (Shoals:1)
  A deep elf high priest (Elf:3)
  4 hydras
  2 catoblepae
  Erica (Lair:1)
  A vault guard (D:14)
  2 ice dragons (D:15)
  An ogre mage (D:15)
  4 two-headed ogres
  A merfolk aquamancer (Shoals:4)
  27 dancing weapons
  A death yak (Lair:3)
  6 centaur warriors
  4 orc high priests (Orc:2)
  A soul eater (Orc:2)
  21 deep elf knights
  A hell knight (D:15)
  14 sea snakes
  An unseen horror (shapeshifter) (D:13)
  A flayed ghost (D:15)
  2 infernal demonspawn (Orc:2)
  4 unseen horrors
  Pikel (D:4)
  A harpy (shapeshifter) (D:15)
  8 deep elf archers
  5 orc knights
  13 harpies
  4 orc sorcerers (Orc:2)
  A wolf spider (D:15)
  67 deep elf magi
  A manticore (shapeshifter) (D:15)
  A salamander (D:10)
  6 ugly things
  4 oklob plants
  7 cyclopes
  18 fauns
  A cyclops (shapeshifter) (D:15)
  A moth of wrath (shapeshifter) (D:15)
  13 manticores
  A rust devil (Orc:2)
  Joseph (D:8)
  12 merfolk sirens
  4 water nymphs
  2 black mambas (Lair:3)
  2 gargoyles
  An orange demon (Orc:2)
  2 spiny frogs
  3 kobold demonologists
  A yaktaur (D:15)
  2 tengu conjurers (D:15)
  A komodo dragon (shapeshifter) (Elf:3)
  An efreet (D:14)
  5 komodo dragons
  A yaktaur (shapeshifter) (Elf:2)
  An ice devil (Orc:2)
  A jumping spider (Orc:1)
  A meliai (shapeshifter) (D:15)
  7 meliai
  10 merfolk
  9 trolls
  A harpy zombie (D:14)
  2 queen bees
  2 wind drakes
  5 blink frogs (Lair:3)
  2 hornets (D:15)
  Prince Ribbit (D:5)
  9 snapping turtles
  4 dream sheep
  7 hippogriffs
  A centaur simulacrum (D:15)
  A vampire (D:15)
  A shadow (D:15)
  5 wraiths
  33 yaks
  5 wyverns
  5 water elementals
  Grum (D:10)
  3 basilisks
  2 fire elementals (Elf:1)
  16 humans (D:14)
  A vampire mosquito (D:15)
  3 hungry ghosts
  A soldier ant (D:11)
  8 water moccasins
  An acid dragon (D:15)
  29 orc warriors
  A porcupine (Lair:3)
  3 sky beasts
  A phantom (D:11)
  An eye of draining (shapeshifter) (D:15)
  4 slaves (D:4)
  5 ice beasts
  6 eyes of draining
  4 necrophages
  15 ogres
  3 wolves
  27 centaurs
  7 crocodiles
  4 big kobolds
  26 bullfrogs
  A gnoll sergeant (D:8)
  2 earth elementals (Elf:3)
  A wyvern skeleton (D:12)
  6 scorpions
  29 killer bees
  3 howler monkeys (D:7)
  3 electric eels
  A spectral centaur (D:11)
  7 crimson imps
  A bullfrog zombie (D:13)
  10 centaur zombies
  5 hounds
  A quasit (D:2)
  29 orc priests
  3 jellies
  A gnoll shaman (Orc:2)
  Crazy Yiuf (D:7)
  26 orc wizards
  2 bullfrog skeletons
  11 centaur skeletons
  9 worker ants
  Ijyb (D:4)
  An iguana (D:4)
  A killer bee zombie (D:10)
  11 gnolls
  13 adders
  6 shadow imps
  5 oozes
  7 worms
  2 dart slugs
  9 leopard geckos
  106 orcs
  10 bats
  6 giant cockroaches
  4 goblins
  7 hobgoblins
  19 jackals
  28 kobolds
  9 quokkas
  4 ball pythons
  A ball python skeleton (D:6)
  4 frilled lizards
  A jackal skeleton (D:5)
  8 rats
  3 crawling corpses (Elf:3)
  3 plants
  7 tentacles (Shoals:1)
1043 creatures vanquished.

Vanquished Creatures (collateral kills)
  A deep elf annihilator (Elf:3)
  2 deep elf death magi (Elf:3)
  A vault guard (D:14)
  A dancing weapon (Elf:3)
  A queen ant (Elf:3)
  An orc high priest (Orc:2)
  2 wizards (D:14)
  A glowing orange brain (Orc:2)
  2 orc knights (Orc:2)
  5 deep elf magi
  An orc sorcerer (Orc:2)
  An ugly thing (D:15)
  A centaur zombie (D:14)
  5 humans (D:14)
  4 orc warriors (Orc:2)
  An orc priest (Orc:2)
  A kobold (D:9)
31 creatures vanquished.

Vanquished Creatures (others)
  Asterion (Elf:3)
  A deep elf master archer (Elf:2)
  A stone giant (Shoals:3)
  A deep elf demonologist (Elf:3)
  A deep elf annihilator (Elf:3)
  A rakshasa (D:15)
  A merfolk avatar (Shoals:4)
  3 dancing weapons
  A satyr (Shoals:2)
  Sonja (Orc:2)
  An unseen horror (D:15)
  3 deep elf archers
  2 deep elf magi
  A polar bear (shapeshifter) (Elf:3)
  An orc warrior (D:9)
  2 centaurs
  An orc wizard (D:9)
  3 orcs
  3 fungi (Elf:3)
  7 plants
  11 tentacles (Shoals:1)
47 creatures vanquished.

Grand Total: 1121 creatures vanquished

Notes
Turn   | Place    | Note
-------+----------+-------------------------------------------
     0 | D:1      | Redear the Demonspawn Chaos Knight began the quest for the
                  | Orb.
     0 | D:1      | Reached XP level 1. HP: 18/18 MP: 1/1
    20 | D:1      | XOM: harmless Ice miscast
    64 | D:1      | Reached skill level 1 in Dodging
   197 | D:1      | Reached skill level 2 in Armour
   235 | D:1      | Gained mutation: You are slightly more attuned to the
                  | shadows. [demonic ancestry]
   235 | D:1      | Reached XP level 2. HP: 24/24 MP: 2/2
   417 | D:1      | Reached skill level 3 in Axes
   697 | D:2      | XOM: harmless Pois miscast
   898 | D:2      | XOM: divination: detect creatures
   927 | D:2      | Reached XP level 3. HP: 13/29 MP: 3/3
   948 | D:2      | XOM: divination: detect creatures
   951 | D:2      | XOM: harmless Air miscast
  1122 | D:2      | XOM: harmless Erth miscast
  1237 | D:2      | XOM: harmless Tloc miscast
  1355 | D:2      | XOM: scenery: 1 doors open
  1398 | D:2      | XOM: god gift: leather armour {god gift}
  1718 | D:2      | XOM: scenery: create altars
  1735 | D:2      | XOM: polymorph crimson imp -> quasit
  1739 | D:2      | XOM: fog
  1741 | D:2      | Gained mutation: You sometimes gain a little power by
                  | taking damage. [demonic ancestry]
  1741 | D:2      | Reached XP level 4. HP: 21/35 MP: 4/4
  2016 | D:2      | Reached skill level 2 in Dodging
  2075 | D:2      | XOM: summons 4 hostile shadow creatures
  2293 | D:3      | XOM: 4-stop teleportation journey
  2409 | D:3      | XOM: give mutations
  2409 | D:3      | Gained mutation: You have large cloven feet. [Xom's grace]
  2409 | D:3      | Gained mutation: You are robust. (+10% HP) [Xom's grace]
  2601 | D:3      | XOM: give mutations
  2601 | D:3      | Gained mutation: Your muscles are strong. (Str +2) [Xom's
                  | grace]
  2601 | D:3      | Gained mutation: Your natural rate of healing is unusually
                  | fast. [Xom's grace]
  2795 | D:3      | XOM: smoke on damage
  2799 | D:3      | Reached XP level 5. HP: 43/46 MP: 5/5
  2868 | D:3      | XOM: cloud trail
  3128 | D:4      | Noticed Ijyb
  3146 | D:4      | Killed Ijyb
  3146 | D:4      | Reached skill level 4 in Fighting
  3146 | D:4      | Reached skill level 3 in Armour
  3309 | D:4      | Found a shattered altar of Ashenzari.
  3309 | D:4      | Found a shimmering altar of Xom.
  3310 | D:4      | Found an iron altar of Okawaru.
  3370 | D:4      | XOM: give mutation
  3370 | D:4      | Gained mutation: Your flesh is heat resistant. (rF+) [Xom's
                  | grace]
  3727 | D:4      | Noticed a slave
  3727 | D:4      | Noticed a slave
  3729 | D:4      | Noticed Pikel
  3740 | D:4      | XOM: scenery: create altars
  3747 | D:4      | XOM: summons friendly crimson imp
  3755 | D:4      | XOM: enchant monster (good)
  3773 | D:4      | XOM: 1-stop teleportation journey
  3774 | D:4      | Killed a slave
  3787 | D:4      | Killed a slave
  3811 | D:4      | Noticed a slave
  3812 | D:4      | Noticed a slave
  3818 | D:4      | XOM: fog
  3821 | D:4      | Killed a slave
  3845 | D:4      | Killed a slave
  3846 | D:4      | Reached XP level 6. HP: 40/52 MP: 6/6
  3847 | D:4      | XOM: cast spell 'Ring of Flames'
  3849 | D:4      | Killed Pikel
  3849 | D:4      | Reached skill level 5 in Fighting
  3849 | D:4      | Reached skill level 4 in Axes
  3849 | D:4      | Reached skill level 4 in Armour
  3849 | D:4      | Reached skill level 3 in Dodging
  3849 | D:4      | Reached XP level 7. HP: 45/61 MP: 7/7
  3978 | D:4      | Found a burning altar of Makhleb.
  4003 | D:4      | Found Aggifez's Antique Weapon Boutique.
  4020 | D:4      | Bought a scorched flail for 195 gold pieces
  4020 | D:4      | Identified the +11 flail "Rerausaj" {crush, +Rage rC+ Str+4
                  | Dex+4} (You bought it in a shop on level 4 of the Dungeon)
  4162 | D:4      | XOM: potion effect (haste)
  4269 | D:5      | Entered Level 5 of the Dungeon
  4422 | D:5      | XOM: divination: magic mapping
  4423 | D:5      | XOM: divination: detect creatures
  4424 | D:5      | Reached skill level 1 in Maces & Flails
  4424 | D:5      | Reached skill level 4 in Dodging
  4510 | D:5      | Gained mutation: You are partially covered in rugged brown
                  | scales. (AC +1, +3% HP) [demonic ancestry]
  4510 | D:5      | Reached XP level 8. HP: 16/71 MP: 8/8
  4593 | D:5      | XOM: cloud trail
  4677 | D:5      | Noticed Prince Ribbit
  4684 | D:5      | Killed Prince Ribbit
  4774 | D:5      | Found an ancient bone altar of Kikubaaqudgha.
  4863 | D:5      | XOM: harmless Tmut miscast
  4925 | D:5      | Reached skill level 2 in Maces & Flails
  4925 | D:5      | Reached skill level 5 in Armour
  4926 | D:5      | Reached skill level 6 in Fighting
  4933 | D:5      | Reached skill level 3 in Maces & Flails
  4933 | D:5      | Reached skill level 5 in Dodging
  4936 | D:5      | Gained mutation: You are mostly covered in rugged brown
                  | scales. (AC +2, +5% HP) [demonic ancestry]
  4936 | D:5      | Reached XP level 9. HP: 70/81 MP: 9/9
  4940 | D:5      | XOM: silly message
  5029 | D:5      | Found a glowing golden altar of the Shining One.
  5362 | D:6      | Noticed a troll
  5370 | D:6      | Killed a troll
  5370 | D:6      | Reached skill level 7 in Fighting
  5370 | D:6      | Reached skill level 6 in Armour
  5371 | D:6      | XOM: confuse monster(s)
  5399 | D:6      | Reached skill level 4 in Maces & Flails
  5485 | D:6      | XOM: cast spell 'Summon Butterflies'
  5529 | D:6      | Found a bloodstained altar of Trog.
  5548 | D:6      | Reached skill level 6 in Dodging
  5649 | D:6      | Found a glowing drain.
  5668 | Sewer    | Entered a sewer
  6296 | D:6      | Found a snail-covered altar of Cheibriados.
  6296 | D:6      | XOM: 8-stop teleportation journey
  6324 | D:6      | XOM: summons friendly quasit
  6427 | D:6      | Reached skill level 5 in Maces & Flails
  6562 | D:7      | Gained mutation: You have sharp fingernails. [demonic
                  | ancestry]
  6562 | D:7      | Reached XP level 10. HP: 92/92 MP: 10/10
  6563 | D:7      | XOM: swap monsters
  6565 | D:7      | Found a staircase to the Ecumenical Temple.
  6568 | D:7      | Found the +9 scales of the Dragon King {rPois rF+ rC+ MR+}
  6575 | D:7      | XOM: divination: magic mapping
  6579 | D:7      | XOM: cast spell 'Dispersal'
  6591 | D:7      | Reached skill level 7 in Armour
  6591 | D:7      | XOM: cast spell 'Statue Form'
  6595 | D:7      | Reached skill level 8 in Fighting
  6826 | D:7      | Found a flagged portal.
  6826 | D:7      | Found a shimmering altar of Xom.
  6831 | D:7      | Got a slimy halberd
  6834 | Bailey   | Entered a bailey
  6843 | Bailey   | Noticed a deep elf mage
  6849 | Bailey   | Killed a deep elf mage
  6858 | Bailey   | Noticed a deep elf mage
  6859 | Bailey   | Noticed a deep elf mage
  6859 | Bailey   | Noticed a deep elf mage
  6860 | Bailey   | Noticed a deep elf mage
  6860 | Bailey   | Noticed a deep elf mage
  6861 | Bailey   | Noticed a deep elf mage
  6864 | Bailey   | XOM: cast spell 'Monstrous Menagerie'
  6866 | Bailey   | Killed a deep elf mage
  6866 | Bailey   | Reached skill level 7 in Dodging
  6868 | Bailey   | Killed a deep elf mage
  6874 | Bailey   | Killed a deep elf mage
  6878 | Bailey   | Killed a deep elf mage
  6884 | Bailey   | Killed a deep elf mage
  6884 | Bailey   | Reached skill level 9 in Fighting
  6884 | Bailey   | Reached skill level 8 in Armour
  6885 | Bailey   | Killed a deep elf mage
  6921 | Bailey   | XOM: summons 5 hostile demons
  6948 | Bailey   | Noticed a deep elf archer
  6959 | Bailey   | XOM: noise
  6962 | Bailey   | Killed a deep elf archer
  6962 | Bailey   | Reached skill level 8 in Dodging
  6971 | Bailey   | XOM: divination: detect items
  7017 | Bailey   | Noticed a deep elf mage
  7017 | Bailey   | Noticed a deep elf mage
  7017 | Bailey   | Noticed a deep elf mage
  7029 | Bailey   | Killed a deep elf mage
  7030 | Bailey   | Killed a deep elf mage
  7030 | Bailey   | Gained mutation: You are completely covered in rugged brown
                  | scales. (AC +3, +7% HP) [demonic ancestry]
  7030 | Bailey   | Reached XP level 11. HP: 87/104 MP: 11/11
  7037 | Bailey   | Killed a deep elf mage
  7170 | D:7      | XOM: scenery: create altars
  7229 | D:7      | Found a runed translucent door.
  7230 | D:7      | Noticed Crazy Yiuf
  7271 | D:7      | Got a translucent iron ring
  7459 | D:7      | XOM: scenery: create altars
  7462 | D:7      | Found a deep blue altar of Sif Muna.
  7564 | D:7      | Killed Crazy Yiuf
  7669 | D:8      | Noticed Joseph
  7681 | D:8      | XOM: cast spell 'Disjunction'
  7685 | D:8      | XOM: cleaving
  7689 | D:8      | Killed Joseph
  7769 | D:8      | Found a blossoming altar of Fedhas.
  7769 | D:8      | XOM: 6-stop teleportation journey
  7811 | D:8      | XOM: mild Summ miscast
  7835 | D:8      | XOM: 1-stop teleportation journey
  7929 | D:8      | Reached skill level 9 in Armour
  7971 | D:8      | Reached skill level 10 in Fighting
  8003 | D:8      | XOM: god gift: paperback book {god gift}
  8071 | D:8      | Found a glowing golden altar of the Shining One.
  8103 | D:8      | Identified the ring "Ecaocot" {*Tele rElec rPois MR-
                  | Slay+3} (You found it on level 7 of the Dungeon)
  8208 | D:8      | XOM: cloud trail
  8728 | D:8      | Found a glowing silver altar of Zin.
  8729 | D:8      | Found a white marble altar of Elyvilon.
  8801 | D:9      | Found a staircase to the Lair.
  8960 | D:9      | Noticed a two-headed ogre
  8972 | D:9      | XOM: polymorph crocodile -> troll
  8974 | D:9      | Killed a two-headed ogre
  8974 | D:9      | Reached skill level 9 in Dodging
  9009 | D:9      | XOM: mild Air miscast
  9012 | D:9      | XOM: silly message
  9018 | D:9      | Noticed a two-headed ogre
  9027 | D:9      | Killed a two-headed ogre
  9147 | D:9      | XOM: cast spell 'Call Canine Familiar'
  9153 | D:9      | Reached skill level 6 in Maces & Flails
  9526 | D:9      | Found Yxtigocs's Assorted Antiques.
  9526 | D:9      | Noticed Maurice
  9542 | D:9      | XOM: medium Conj miscast
  9625 | D:9      | XOM: cast spell 'Cause Fear'
  9672 | D:9      | Bought a potion of agility for 116 gold pieces
  9672 | D:9      | Bought a scroll labeled WOTHYH ULAVI for 29 gold pieces
  9967 | D:10     | Entered Level 10 of the Dungeon
 10071 | D:10     | Noticed Grum
 10081 | D:10     | Killed Grum
 10135 | D:10     | Found a staircase to the Orcish Mines.
 10206 | D:10     | XOM: polymorph yak -> salamander
 10215 | D:10     | Reached XP level 12. HP: 107/114 MP: 12/12
 10447 | D:10     | XOM: harmless Erth miscast
 10701 | D:10     | XOM: summons 2 hostile demons
 11039 | D:11     | XOM: mild Conj miscast
 11107 | D:11     | XOM: noise
 11113 | D:11     | XOM: noise
 11117 | D:11     | XOM: 3-stop teleportation journey
 11124 | D:11     | Got a faintly glowing buckler
 11130 | D:11     | Identified the cursed +0 buckler of Paranoia {rPois} (You
                  | found it on level 11 of the Dungeon)
 11148 | D:11     | Reached skill level 10 in Armour
 11149 | D:11     | XOM: stat loss: -1 Int (14/15)
 11154 | D:11     | XOM: destruction
 11156 | D:11     | Reached skill level 11 in Fighting
 11160 | D:11     | XOM: harmless Pois miscast
 11168 | D:11     | Reached skill level 1 in Shields
 11201 | D:11     | Reached skill level 7 in Maces & Flails
 11213 | D:11     | XOM: mild Ice miscast
 11223 | D:11     | XOM: harmless Pois miscast
 11377 | D:11     | Reached skill level 10 in Dodging
 11381 | D:11     | Reached skill level 2 in Shields
 11483 | D:11     | XOM: harmless Air miscast
 11573 | D:11     | XOM: cast spell 'Summon Ice Beast'
 11754 | D:11     | XOM: confuse monster(s)
 11787 | D:11     | XOM: harmless Air miscast
 11977 | D:11     | XOM: mild Chrm miscast
 12155 | D:12     | XOM: cast spell 'Metabolic Englaciation'
 12182 | D:12     | Reached skill level 3 in Shields
 12317 | D:12     | XOM: confusion
 12540 | D:12     | Found Tyufaec's Weapon Shoppe.
 12755 | D:12     | XOM: enchant monster (good)
 12801 | D:12     | XOM: potion effect (heal wounds)
 12847 | D:12     | XOM: 8-stop teleportation journey
 12886 | D:13     | XOM: polymorph yak -> shapeshifter
 12890 | D:13     | Gained mutation: You sometimes gain power by taking damage.
                  | [demonic ancestry]
 12890 | D:13     | Reached XP level 13. HP: 87/125 MP: 13/13
 12896 | D:13     | Reached skill level 4 in Shields
 13050 | D:13     | XOM: god gift: thick jewelled staff {god gift}
 13172 | D:13     | XOM: cloud trail
 13396 | D:13     | Reached skill level 12 in Fighting
 13462 | D:13     | Reached skill level 11 in Armour
 13527 | D:13     | XOM: scenery: create altars
 13922 | D:14     | Reached skill level 5 in Shields
 13938 | D:14     | Reached skill level 11 in Dodging
 14296 | D:14     | XOM: medium Conj miscast
 14297 | D:14     | XOM: swap monsters
 14311 | D:14     | XOM: blink monster(s)
 14314 | D:14     | XOM: 1-stop teleportation journey
 14425 | D:14     | Found a gate to the Vaults.
 14425 | D:14     | XOM: swap monsters
 14444 | D:14     | Reached skill level 6 in Shields
 14614 | D:14     | Found a shattered altar of Ashenzari.
 14797 | D:15     | Entered Level 15 of the Dungeon
 14900 | D:15     | XOM: 1-stop teleportation journey
 14965 | D:15     | Found a sacrificial altar of Ru.
 14966 | D:15     | Found a white marble altar of Elyvilon.
 15036 | D:15     | Gained mutation: You have very sharp fingernails. [demonic
                  | ancestry]
 15036 | D:15     | Reached XP level 14. HP: 124/135 MP: 7/14
 15041 | D:15     | Noticed an orc warlord
 15054 | D:15     | Killed an orc warlord
 15064 | D:15     | Noticed a tengu reaver
 15077 | D:15     | XOM: swap monsters
 15081 | D:15     | Found a staircase to the Depths.
 15133 | D:15     | XOM: 2-stop teleportation journey
 15146 | D:15     | Identified the +8 scythe of the Hummingbird {venom, *Contam
                  | +Rage rPois Str+2}
 15157 | D:15     | Reached skill level 13 in Fighting
 15221 | D:15     | XOM: summons friendly quasit
 15241 | D:15     | Reached skill level 5 in Axes
 15288 | D:15     | Got a bloodstained hat
 15300 | D:15     | Identified the +1 hat of Grace {rF+ Str+3} (You acquired it
                  | on level 15 of the Dungeon)
 15325 | D:15     | XOM: summons 2 friendly demons
 15330 | D:15     | XOM: cast spell 'Monstrous Menagerie'
 15334 | D:15     | Reached skill level 12 in Armour
 15349 | D:15     | Reached skill level 7 in Shields
 15423 | D:15     | XOM: noise
 15429 | D:15     | XOM: blink monster(s)
 15431 | D:15     | XOM: polymorph acid dragon -> glowing shapeshifter
 15432 | D:15     | XOM: confuse monster(s)
 15541 | D:15     | Noticed a war gargoyle
 15546 | D:15     | XOM: potion effect (curing)
 15548 | D:15     | Killed a war gargoyle
 15548 | D:15     | Reached skill level 12 in Dodging
 15559 | D:15     | XOM: potion effect (experience)
 15559 | D:15     | Reached skill level 9 in Shields
 15559 | D:15     | Reached XP level 15. HP: 102/145 MP: 15/15
 15713 | D:15     | XOM: chaos upgrade
 15718 | D:15     | Killed a tengu reaver
 15726 | D:15     | XOM: medium Necr miscast
 15770 | D:15     | Found a shattered altar of Ashenzari.
 15879 | D:15     | XOM: smoke on damage
 15886 | D:15     | XOM: polymorph white ugly thing -> cyan ugly thing
 15897 | D:15     | Reached skill level 6 in Axes
 15996 | D:15     | XOM: cast spell 'Dispersal'
 16235 | D:15     | XOM: medium Chrm miscast
 16286 | D:15     | XOM: harmless Summ miscast
 16341 | D:15     | Identified the +10 halberd of the Vulture {chop, rElec}
                  | (You found it on level 7 of the Dungeon)
 16577 | Orc:1    | Entered Level 1 of the Orcish Mines
 16588 | Orc:1    | XOM: god gift: 4 rations
 16608 | Orc:1    | XOM: polymorph troll -> jumping spider
 16614 | Orc:2    | Entered Level 2 of the Orcish Mines
 17086 | Orc:1    | XOM: cast spell 'Olgreb's Toxic Radiance'
 17493 | Orc:2    | Found a staircase to the Elven Halls.
 17511 | Orc:2    | Found a roughly hewn altar of Beogh.
 17561 | Orc:2    | Found Maumoril's Magic Scroll Shoppe.
 17564 | Orc:2    | XOM: scenery: create altars
 17590 | Orc:2    | Found Ranerint's Magic Scroll Emporium.
 17617 | Orc:2    | XOM: god gift: 49 gold pieces
 17636 | Orc:2    | Noticed Sonja
 17666 | Orc:2    | Killed Sonja
 17692 | Orc:2    | XOM: 1-stop teleportation journey
 17727 | Orc:2    | Found Woruom's Assorted Antiques.
 17764 | Orc:2    | Found Rycu's Antique Armour Boutique.
 17772 | Orc:2    | Bought a pair of runed boots for 120 gold pieces
 17772 | Orc:2    | Bought a runed cloak for 120 gold pieces
 17826 | Orc:2    | Found Jirphos's Distillery.
 17900 | Orc:2    | XOM: cast spell 'Summon Dragon'
 17922 | Orc:2    | Reached skill level 10 in Shields
 17933 | Orc:2    | XOM: cloud trail
 17936 | Orc:2    | Gained mutation: You have claws for hands. [demonic
                  | ancestry]
 17936 | Orc:2    | Reached XP level 16. HP: 81/154 MP: 16/16
 18009 | Orc:2    | Found Linnowad's Gadget Boutique.
 18009 | Orc:2    | Found a one-way gate leading to the halls of Pandemonium.
 18009 | Orc:2    | Found Banlugif's Antique Armour Shop.
 18256 | Orc:2    | XOM: mild Tmut miscast
 18487 | Orc:2    | Bought a scroll of identify for 32 gold pieces
 18487 | Orc:2    | Bought a scroll of identify for 32 gold pieces
 18487 | Orc:2    | Bought a scroll of identify for 32 gold pieces
 18487 | Orc:2    | Bought a scroll of blinking for 120 gold pieces
 18487 | Orc:2    | Bought a scroll of magic mapping for 56 gold pieces
 18487 | Orc:2    | Bought a scroll of fear for 56 gold pieces
 18487 | Orc:2    | Bought a scroll of enchant armour for 120 gold pieces
 18487 | Orc:2    | Bought a scroll of teleportation for 48 gold pieces
 18521 | Orc:2    | Bought 2 potions of mutation for 224 gold pieces
 18521 | Orc:2    | Bought a potion of curing for 42 gold pieces
 18521 | Orc:2    | Bought a potion of resistance for 140 gold pieces
 18521 | Orc:2    | Bought a potion of resistance for 140 gold pieces
 18521 | Orc:2    | Bought a potion of invisibility for 112 gold pieces
 18521 | Orc:2    | Bought a potion of heal wounds for 70 gold pieces
 18521 | Orc:2    | Bought a potion of heal wounds for 70 gold pieces
 18557 | Orc:2    | Bought a scroll of teleportation for 30 gold pieces
 18557 | Orc:2    | Bought a scroll of fear for 35 gold pieces
 18603 | Orc:2    | XOM: god gift: glowing ring mail {god gift}
 18663 | Elf:1    | Entered Level 1 of the Elven Halls
 18670 | Elf:1    | XOM: confuse monster(s)
 18693 | Elf:1    | XOM: scenery: 1 doors close
 18722 | Elf:1    | XOM: divination: detect items
 18744 | Elf:1    | Reached skill level 14 in Fighting
 18777 | Elf:1    | XOM: potion effect (agility)
 18867 | Elf:1    | Reached skill level 13 in Armour
 19028 | Elf:1    | Found Ehasaeme's Magic Scroll Boutique.
 19089 | Elf:1    | XOM: silly message
 19129 | Elf:1    | XOM: potion effect (might)
 19176 | Elf:1    | XOM: divination: magic mapping
 19178 | Elf:1    | XOM: enchant monster (good)
 19185 | Elf:1    | Reached skill level 13 in Dodging
 19208 | Elf:1    | XOM: cast spell 'Summon Small Mammal'
 19217 | Elf:1    | XOM: harmless Tmut miscast
 19258 | Elf:1    | Noticed Agnes
 19268 | Elf:1    | Killed Agnes
 19379 | Elf:1    | Found Quedusag's Jewellery Shop.
 19380 | Elf:1    | Found Olie's Jewellery Shop.
 19380 | Elf:1    | Found Gidgheloph's Gadget Emporium.
 19386 | Elf:1    | Bought the ring of Raeloib {rElec rF+ Str-3 SInv Stlth-}
                  | for 343 gold pieces
 19426 | Elf:1    | XOM: harmless Pois miscast
 19652 | Elf:1    | XOM: harmless Chrm miscast
 19769 | Elf:2    | Noticed Donald
 19776 | Elf:2    | XOM: cast spell 'Summon Ice Beast'
 19787 | Elf:2    | Killed Donald
 19796 | Elf:2    | XOM: divination: detect items
 19805 | Elf:2    | Reached skill level 11 in Shields
 19975 | Elf:2    | XOM: divination: detect items
 20029 | Elf:2    | XOM: harmless Air miscast
 20043 | Elf:2    | Found Xyczulest's Book Shoppe.
 20160 | Elf:2    | Found a runed translucent gate.
 20161 | Elf:2    | Found a runed translucent gate.
 20162 | Elf:2    | Found a runed translucent gate.
 20272 | Elf:2    | Found an ancient bone altar of Kikubaaqudgha.
 20280 | Elf:2    | XOM: cast spell 'Olgreb's Toxic Radiance'
 20281 | Elf:2    | XOM: divination: detect items
 20323 | Elf:2    | XOM: 7-stop teleportation journey
 20396 | Elf:2    | XOM: god gift: 6 curare-tipped needles
 20430 | Elf:2    | XOM: cleaving
 20520 | Elf:2    | XOM: cloud trail
 20623 | Elf:2    | XOM: summons friendly quasit
 20649 | Elf:2    | XOM: summons friendly orange demon
 20650 | Elf:2    | Noticed a deep elf blademaster
 20663 | Elf:2    | Killed a deep elf blademaster
 20690 | Elf:2    | Noticed Aizul
 20694 | Elf:2    | XOM: destruction
 20697 | Elf:2    | XOM: polymorph orange demon -> ice devil
 20710 | Elf:2    | Gained mutation: Your flesh is cold resistant. (rC+)
                  | [demonic ancestry]
 20710 | Elf:2    | Reached XP level 17. HP: 111/163 MP: 17/17
 20711 | Elf:2    | Killed Aizul
 20802 | Elf:2    | XOM: harmless Hex miscast
 20829 | Elf:2    | XOM: swap monsters
 21132 | Elf:2    | XOM: give mutations
 21132 | Elf:2    | Gained mutation: Your flesh is very cold resistant. (rC++)
                  | [Xom's mischief]
 21132 | Elf:2    | Lost mutation: You are robust. (+10% HP) [Xom's mischief]
 21143 | Elf:2    | Reached skill level 15 in Fighting
 21258 | Elf:2    | XOM: give mutations
 21258 | Elf:2    | Gained mutation: You occasionally shout uncontrollably at
                  | your foes. [Xom's mischief]
 21258 | Elf:2    | Gained mutation: Your body sometimes deteriorates upon
                  | taking damage. [Xom's mischief]
 21437 | Elf:3    | Entered Level 3 of the Elven Halls
 21475 | Elf:3    | Noticed a deep elf master archer
 21478 | Elf:3    | Noticed a deep elf blademaster
 21500 | Elf:2    | XOM: swap monsters
 21513 | Elf:2    | Killed a deep elf blademaster
 21556 | Elf:2    | XOM: mild Ice miscast
 21588 | Elf:2    | Killed a deep elf master archer
 21606 | Elf:2    | XOM: polymorph deep elf sorcerer -> dire elephant
 21680 | Elf:3    | Reached skill level 14 in Armour
 21680 | Elf:3    | XOM: enchant monster (good)
 21684 | Elf:3    | Noticed a Hell Sentinel
 21859 | Elf:3    | XOM: god gift: chain mail {god gift}
 21860 | Elf:3    | XOM: noise
 21862 | Elf:3    | XOM: god gift: glowing plate armour {god gift}
 21869 | Elf:3    | XOM: blink monster(s)
 21876 | Elf:3    | Noticed a deep elf master archer
 21877 | Elf:3    | XOM: chaos upgrade
 21880 | Elf:3    | Noticed a Tzitzimitl
 21999 | Elf:3    | XOM: summons 2 friendly demons
 22001 | Elf:3    | Killed a deep elf master archer
 22007 | Elf:3    | XOM: summons 6 friendly demons
 22008 | Elf:3    | Killed a ghostly deep elf master archer
 22017 | Elf:3    | Reached skill level 14 in Dodging
 22017 | Elf:3    | Reached skill level 12 in Shields
 22105 | Elf:3    | XOM: summons 4 friendly demons
 22111 | Elf:3    | XOM: polymorph hell rat -> hell hound
 22128 | Elf:3    | XOM: confuse monster(s)
 22185 | Elf:3    | Noticed Asterion
 22186 | Elf:3    | XOM: 2-stop teleportation journey
 22195 | Elf:3    | Got a steaming dagger
 22295 | Elf:3    | Found Esisoum's Antique Armour Emporium.
 22315 | Elf:3    | XOM: cast spell 'Summon Hydra'
 22333 | Elf:3    | Killed Asterion
 22448 | Elf:3    | XOM: divine lightning
 22452 | Elf:3    | Identified the amulet of Leef {Reflect rF++ SH+6}
 22453 | Elf:3    | XOM: polymorph deep elf sorcerer -> queen ant
 22459 | Elf:3    | Identified the +1 shield of Lugonu's Castigation {rC+
                  | Regen+ rCorr SInv}
 22461 | Elf:3    | Noticed a deep elf blademaster
 22463 | Elf:3    | XOM: fog
 22470 | Elf:3    | XOM: smoke on damage
 22510 | Elf:3    | XOM: summons 8 friendly demons
 22526 | Elf:3    | Noticed a Brimstone Fiend
 22542 | Elf:3    | Found the +0 Maxwell's etheric cage {RegenMP+ *Contam rElec
                  | MP+4}
 22717 | Elf:3    | XOM: fake destruction
 22720 | Elf:3    | XOM: cast spell 'Summon Butterflies'
 22736 | Elf:3    | Found a runed translucent door.
 22838 | Elf:3    | XOM: polymorph deep elf annihilator -> emperor scorpion
 22906 | Elf:3    | XOM: cast spell 'Summon Mana Viper'
 22907 | Elf:3    | XOM: enchant monster (good)
 22920 | Elf:3    | XOM: chaos upgrade
 22931 | Elf:3    | XOM: blink monster(s)
 22933 | Elf:3    | Killed a deep elf blademaster
 23043 | Elf:3    | XOM: give mutations
 23043 | Elf:3    | Gained mutation: You are agile. (Dex +2) [Xom's mischief]
 23043 | Elf:3    | Lost mutation: You occasionally shout uncontrollably at
                  | your foes. [Xom's mischief]
 23104 | Elf:3    | XOM: divine lightning
 23111 | Elf:3    | XOM: summons friendly hellwing
 23125 | Elf:3    | XOM: enchant monster (good)
 23128 | Elf:3    | XOM: noise
 23329 | Elf:3    | XOM: give mutation
 23329 | Elf:3    | Lost mutation: Your body sometimes deteriorates upon taking
                  | damage. [Xom's mischief]
 23346 | Elf:3    | XOM: give mutations
 23346 | Elf:3    | Lost mutation: You are agile. (Dex +2) [Xom's mischief]
 23346 | Elf:3    | Lost mutation: Your flesh is very cold resistant. (rC++)
                  | [Xom's mischief]
 23425 | Elf:3    | Got a clouded bone ring
 23627 | Elf:3    | XOM: scenery: create altars
 23659 | Elf:3    | Found the +3 pair of gauntlets of War {Slay+5}
 23663 | Elf:3    | XOM: 2-stop teleportation journey
 23708 | Elf:3    | Reached XP level 18. HP: 119/161 MP: 18/18
 23949 | Elf:3    | Identified the ring of Jeing {Slay+3 SInv} (You found it on
                  | level 3 of the Elven Halls)
 24030 | Elf:3    | Got a wavering iron amulet
 24032 | Elf:3    | Identified the amulet of Setusur {Inacc Fragile rElec rF++
                  | SInv} (You found it on level 3 of the Elven Halls)
 24394 | Lair:1   | Entered Level 1 of the Lair of Beasts
 24425 | Lair:1   | XOM: silly message
 24439 | Lair:1   | XOM: harmless Chrm miscast
 24650 | Lair:1   | Noticed Erica
 24664 | Lair:1   | Killed Erica
 24719 | Lair:1   | XOM: god gift: ration
 24747 | Lair:1   | XOM: god gift: staff of earth {god gift}
 24781 | Lair:1   | XOM: divination: detect items
 25013 | Lair:1   | XOM: summons friendly white imp
 25014 | Lair:1   | XOM: swap monsters
 25122 | Lair:1   | XOM: harmless Tmut miscast
 25558 | Lair:2   | XOM: repel stairs
 25562 | Lair:2   | XOM: give mutations
 25562 | Lair:2   | Gained mutation: Scrolls take you a little longer to read.
                  | [Xom's mischief]
 25562 | Lair:2   | Lost mutation: Your muscles are strong. (Str +2) [Xom's
                  | mischief]
 25562 | Lair:2   | Gained mutation: Armour fits poorly on your strangely
                  | shaped body. [Xom's mischief]
 25562 | Lair:2   | Gained mutation: You are weak. (Str -2) [Xom's mischief]
 26402 | Lair:3   | Found a runed translucent gate.
 26488 | Lair:3   | Noticed Miow's ghost (journeyman MiFi)
 26490 | Lair:3   | Found a runed translucent gate.
 26490 | Lair:3   | Found a runed translucent gate.
 26533 | Lair:3   | Reached skill level 16 in Fighting
 26534 | Lair:3   | XOM: swap monsters
 26548 | Lair:3   | Killed Miow's ghost
 26608 | Lair:3   | XOM: confusion (+ monsters)
 27292 | Lair:3   | Found a staircase to the Shoals.
 27307 | Lair:3   | XOM: give mutation
 27307 | Lair:3   | Lost mutation: Scrolls take you a little longer to read.
                  | [Xom's grace]
 27307 | Lair:3   | Gained mutation: You have supernaturally acute eyesight.
                  | (SInv) [Xom's grace]
 27320 | Shoals:1 | Entered Level 1 of the Shoals
 27486 | Shoals:1 | XOM: divination: magic mapping
 27491 | Shoals:1 | XOM: cast spell 'Summon Small Mammal'
 27630 | Shoals:1 | Found Quff's Food Emporium.
 27630 | Shoals:1 | XOM: 3-stop teleportation journey
 27639 | Shoals:1 | XOM: mild Conj miscast
 27653 | Shoals:1 | Reached skill level 13 in Shields
 27684 | Shoals:1 | XOM: potion effect (berserk rage)
 27891 | Shoals:1 | Reached skill level 15 in Armour
 27920 | Shoals:1 | XOM: mild Tloc miscast
 28218 | Shoals:1 | XOM: confusion (+ monsters)
 28366 | Shoals:1 | XOM: give mutation
 28366 | Shoals:1 | Lost mutation: You have supernaturally acute eyesight.
                  | (SInv) [Xom's mischief]
 28366 | Shoals:1 | Gained mutation: Scrolls take you a little longer to read.
                  | [Xom's mischief]
 28391 | Shoals:2 | Found a deep blue altar of Sif Muna.
 28404 | Shoals:2 | XOM: draining
 28407 | Shoals:2 | Reached skill level 15 in Dodging
 29076 | Shoals:2 | XOM: harmless Tmut miscast
 29152 | Shoals:2 | XOM: harmless Chrm miscast
 29296 | Shoals:3 | XOM: enchant monster (bad)
 29796 | Shoals:3 | XOM: 3-stop teleportation journey
 29882 | Shoals:3 | Found the +2 pair of boots of the Assassin {Detection Stab+
                  | Stlth++}
 30074 | Shoals:4 | Entered Level 4 of the Shoals
 30094 | Shoals:4 | XOM: blink monster(s)
 30109 | Shoals:4 | XOM: blink monster(s)
 30123 | Shoals:4 | HP: 16/163 [water elemental (7)]
 30124 | Shoals:4 | HP: 3/163 [drowned by a water elemental (8)]
 30126 | Shoals:4 | Drowned by a water elemental

Levels and vault maps discovered:
D:1:      matt_arrival_refuge, layout_loops_cross
D:2:      layout_basic
D:3:      layout_basic, minmay_box_of_dots
D:4:      layout_loops_corners, gammafunk_temple_overflow_claw, serial_shops,
          shop_statue, first_ration, minmay_misc_feat_enclosed,
          makhleb_blood_cavern_becter, uniq_pikel, uniq_ijyb
D:5:      layout_loops_corners, basic_altar, minmay_crystal_water, st_stairs_14,
          tso_metal_star, uniq_prince_ribbit1
D:6:      layout_cave_pools, trog_eyes_of_draining,
          lemuel_coloured_pillars_altar, portal_sewer_entry_b
D:7:      layout_rooms, tgw_sif, minmay_temple_entry_waves, basic_altar,
          enter_bailey_2, uniq_crazy_yiuf_cottage
D:8:      layout_gridville, good_gods_temple_1, nicolae_overflow_hidden_temple,
          david_nohive_1, uniq_joseph
D:9:      layout_loops_ring, lair_entry_dummy, serial_shops,
          nicolae_shop_crystal, nrook_mini_vaults, minmay_misc_feat_ornament,
          minivault_4, kennysheep_diamond, chequers_serial_rivers_micro_c,
          uniq_maurice
D:10:     layout_long_grid, orc_0_dummy, special_room [special_room_orc],
          uniq_grum
D:11:     layout_loops_cross, hangedman_weighted_door
D:12:     layout_rooms, serial_shops, kennysheep_mini_moat, minivault_7
D:13:     layout_basic, kennysheep_minor_cross
D:14:     layout_basic, grunt_vaults_entry_tiered, nicolae_ashenzari_panopticon
D:15:     hangedman_slaughterboxes
Lair:1:   layout_misc_corridors, minmay_lair_oklob_chamber, grunt_megastairs_5,
          uniq_erica
Lair:2:   layout_cave_pods, serial_bayou_pond_e, minmay_hedge_maze,
          serial_bayou_shore_b, infiniplex_staircase_pool_2
Lair:3:   layout_regular_city, minmay_shoals_entry_lonely_mermaid,
          gammafunk_ghost_split, grunt_megastairs_4
Shoals:1: layout_shoals, serial_shops, nicolae_shop_statue_plus
Shoals:2: layout_shoals, lemuel_oklob_altar
Shoals:3: layout_shoals, hangedman_shoals_cup_caves
Shoals:4: shoals_end_grunt_garden, layout_shoals,
          nicolae_shoals_kraken_intersection
Orc:1:    layout_caves
Orc:2:    pf_orc_diabolical, layout_caves, serial_shops, shop,
          nicolae_shop_waterfront, nicolae_shop_overgrown_old_shop, basic_altar,
          uniq_sonja
Elf:1:    layout_gridlike, serial_shops, nicolae_shop_behind_doors,
          hangedman_elven_crosses_minicolossus, minmay_shop_grove, uniq_agnes
Elf:2:    layout_rooms, basic_altar, serial_shops, nicolae_shop_statue_plus,
          uniq_donald, uniq_aizul
Elf:3:    grunt_elf_hall_diamonds, layout_geoelf_diagonals, serial_shops,
          nicolae_shop_trees, minivault_13, uniq_asterion

Skill      XL: |  1  2  3  4  5  6  7  8  9 10 11 12 13 14 15 16 17 18 |
---------------+-------------------------------------------------------+-----
Dodging        | 1 2 3 4 5 6 8 9 10 11 12 13 14 15 | 15.3
Armour         | 2 3 4 5 6 8 9 10 11 12 13 14 15 | 15.4
Axes           | 3 4 5 6 |  6.2
Fighting       | 4 5 6 7 9 10 11 12 13 14 15 16 | 16.7
Maces & Flails | 1 3 5 6 7 |  7.2
Shields        | 3 6 9 10 11 12 13 | 13.6

Action                   |  1- 3 |  4- 6 |  7- 9 | 10-12 | 13-15 | 16-18 || total
-------------------------+-------+-------+-------+-------+-------+-------++-------
Melee: Hand axe          |    47 |       |       |       |       |       ||    47
       Dagger            |    99 |    23 |       |       |       |       ||   122
       Whip              |       |   187 |    23 |       |       |       ||   210
       Kick              |       |    26 |    71 |    40 |       |       ||   137
       Flail             |       |       |   203 |   750 |   829 |  1742 ||  3524
       Halberd           |       |       |       |       |    21 |       ||    21
       Staff             |       |       |       |       |       |    35 ||    35
       Broad axe         |       |       |       |       |       |     4 ||     4
 Abil: Evoke Berserk Rag |       |       |     1 |     1 |       |       ||     2
       Stop Flying       |       |       |       |       |       |     1 ||     1
Evoke: Wand              |       |       |     2 |    13 |     3 |    10 ||    28
  Use: Potion            |     1 |     1 |     2 |     4 |     4 |    13 ||    25
       Scroll            |       |     4 |     4 |    13 |     8 |    22 ||    51
 Stab: Sleeping          |     3 |     4 |     6 |       |       |       ||    13
       Petrified         |       |    13 |       |       |       |    14 ||    27
       Distracted        |       |       |     1 |       |     1 |     4 ||     6
       Confused          |       |       |       |     2 |     3 |    10 ||    15
       Invisible         |       |       |       |       |       |     7 ||     7
  Eat: Ration            |     1 |     1 |       |     1 |       |     3 ||     6
       Chunk             |       |     2 |    11 |    21 |    19 |    32 ||    85
Armor: Leather armour    |    72 |    49 |    65 |     2 |       |       ||   188
       Gold dragon scale |       |       |       |   737 |   707 |   838 ||  2282
       Skin              |       |       |       |     5 |       |       ||     5
Dodge: Dodged            |    90 |   108 |   218 |   384 |   480 |   616 ||  1896
       Deflected         |       |       |       |    21 |    31 |    54 ||   106
Block: Buckler           |       |       |       |    45 |   277 |       ||   322
       Reflection        |       |       |       |       |    29 |   127 ||   156
       Shield            |       |       |       |       |   183 |  1718 ||  1901
       Other             |       |       |       |       |     1 |       ||     1

Table legend:
 A = Non-vault XP
 B = Vault XP
 C = Vault XP percentage of total XP
 D = Non-vault monster count
 E = Vault monster count
 F = Vault count percentage of total count
                 A         B        C        D         E       F
            +---------+---------+-------+---------+---------+-------
      Total |  155102 |  172284 |  52.6 |     667 |     403 |  37.7
            +---------+---------+-------+---------+---------+-------
        D:1 |      37 |       0 |   0.0 |      20 |       0 |   0.0
        D:2 |      93 |       0 |   0.0 |      12 |       0 |   0.0
        D:3 |      78 |       2 |   2.5 |      17 |       1 |   5.6
        D:4 |     254 |     755 |  74.8 |      14 |       3 |  17.6
        D:5 |    1779 |     268 |  13.1 |      26 |       1 |   3.7
        D:6 |    1729 |     395 |  18.6 |      30 |      11 |  26.8
        D:7 |     911 |      80 |   8.1 |      23 |       2 |   8.0
        D:8 |    1760 |    1576 |  47.2 |      33 |      17 |  34.0
        D:9 |    4239 |     147 |   3.4 |      46 |       2 |   4.2
       D:10 |    2750 |     914 |  24.9 |      23 |      29 |  55.8
       D:11 |    7179 |    1710 |  19.2 |      66 |       5 |   7.0
       D:12 |    2531 |    2131 |  45.7 |      19 |      18 |  48.6
       D:13 |   10256 |       0 |   0.0 |      39 |       0 |   0.0
       D:14 |    6891 |    6197 |  47.3 |      29 |      25 |  46.3
       D:15 |       0 |   38619 | 100.0 |       0 |      85 | 100.0
     Lair:1 |    2360 |    3657 |  60.8 |      12 |      10 |  45.5
     Lair:2 |    1910 |       0 |   0.0 |      13 |       0 |   0.0
     Lair:3 |    6454 |    3599 |  35.8 |      24 |       8 |  25.0
   Shoals:1 |   23772 |       0 |   0.0 |      43 |       0 |   0.0
   Shoals:2 |    9112 |     565 |   5.8 |      17 |       1 |   5.6
   Shoals:3 |   15664 |    6893 |  30.6 |      30 |      12 |  28.6
   Shoals:4 |    3629 |    1378 |  27.5 |       7 |       3 |  30.0
      Orc:1 |    2646 |       0 |   0.0 |      19 |       0 |   0.0
      Orc:2 |    1556 |   13750 |  89.8 |      23 |      54 |  70.1
      Elf:1 |   13121 |   13046 |  49.9 |      20 |      17 |  45.9
      Elf:2 |   16632 |   33519 |  66.8 |      28 |      34 |  54.8
      Elf:3 |   17759 |   37518 |  67.9 |      34 |      32 |  48.5
      Sewer |       0 |      73 | 100.0 |       0 |      22 | 100.0
     Bailey |       0 |    5492 | 100.0 |       0 |      11 | 100.0
            +---------+---------+-------+---------+---------+-------
